 Dungeon Crawl Stone Soup version 0.20.1-1-g8b1a95d (webtiles) character file.

11186 Piramida the Bludgeoner (level 11, -2/92 HPs)
             Began as a Minotaur Berserker on Nov 4, 2017.
             Was an Elder of Trog.
             Killed from afar by a wretched star (19 damage)
             ... with an orb of energy
             ... on level 2 of the Abyss.
             The game lasted 00:34:10 (11029 turns).

Piramida the Bludgeoner (Minotaur Berserker)       Turns: 11029, Time: 00:34:10

Health: -2/92      AC: 15    Str: 24    XL:     11   Next: 46%
Magic:  13/13      EV:  9    Int:  0    God:    Trog [****..]
Gold:   418        SH: 11    Dex: 13    Spells: 10/10 levels left

rFire    . . .     SeeInvis +   Q - +3 mace (crush)
rCold    . . .     Gourm    .   h - +0 shield
rNeg     . . .     Faith    .   l - +1 shadow dragon scales
rPois    .         Spirit   .   (helmet restricted)
rElec    .         Reflect  .   (no cloak)
rCorr    .         Harm     .   k - +0 pair of gloves
MR       ++...                  (no boots)
Stlth    ++........             b - amulet of regeneration
Regen    1.7/turn               q - ring of see invisible
MPRegen  0.2/turn               F - +2 ring of dexterity

@: berserk cooldown, regenerating, slowed, lost intelligence, very slow
A: retaliatory headbutt, horns 2, [dopey 2], [no potion heal 2], [subdued magic
2], [MP-powered wands]
a: Berserk, Trog's Hand, Brothers in Arms, Burn Spellbooks, Renounce Religion


You were on level 2 of the Abyss.
You worshipped Trog.
Trog was greatly pleased with you.
You were not hungry.

You visited 1 branch of the dungeon, and saw 10 of its levels.
You visited the Abyss 1 time.
You also visited: Sewer.

You collected 488 gold pieces.
You spent 70 gold pieces at shops.

Inventory:

Hand Weapons
 A - a +2 mace of protection
 J - a +4 flail
 Q - a +3 mace of crushing (weapon)
Missiles
 i - 7 javelins
 n - 3 poisoned javelins
 E - 6 tomahawks of returning (quivered)
Armour
 h - a +0 shield (worn)
 k - a +0 pair of gloves (worn)
 l - +1 shadow dragon scales (worn)
Jewellery
 a - an uncursed ring of fire
 b - an amulet of regeneration (around neck)
 q - a ring of see invisible (left hand)
 B - an uncursed ring of ice
 F - a +2 ring of dexterity (right hand)
 H - an uncursed ring of positive energy
 N - an uncursed amulet of guardian spirit {unknown}
 R - a cursed ring of loudness {unknown}
Wands
 u - a wand of lightning (6/15)
 G - a wand of paralysis (14/24)
 K - a wand of lightning (9/15)
Scrolls
 d - a scroll of blinking
 e - 2 scrolls of teleportation
 g - a scroll of immolation {unknown}
 m - a scroll of recharging
 s - a scroll of fog {unknown}
 v - 6 scrolls of remove curse
 w - a scroll of magic mapping {unknown}
 y - a scroll of amnesia
 I - a scroll of enchant weapon {unknown}
 O - a scroll of brand weapon {unknown}
 S - a scroll of identify
Potions
 j - a potion of heal wounds
 o - 3 potions of lignification
 r - a potion of haste {unknown}
 t - 3 potions of curing
 C - a potion of cancellation {unknown}
 D - 2 potions of berserk rage {unknown}
 L - 2 potions of mutation {unknown}
 P - a potion of brilliance
Comestibles
 c - 4 bread rations
 p - 12 fruits
 x - 5 meat rations
 z - 9 royal jellies


   Skills:
 + Level 7.2 Fighting
 - Level 15.0 Maces & Flails
 + Level 4.7 Throwing
 + Level 7.0 Armour
 + Level 6.0 Dodging
 + Level 6.3 Shields
 + Level 4.7 Evocations


You had 10 spell levels left.
You didn't know any spells.

Dungeon Overview and Level Annotations

Branches:
Dungeon (10/15)            Temple (0/1) D:7            Lair (0/6) D:9
    Orc (0/2) D:10

Altars:
Cheibriados
Dithmenos
Elyvilon
Makhleb
Ru
Vehumet
Zin

Shops:
D:6 :*

Annotations:
D:9 Blork the orc
D:10 Sonja


Innate Abilities, Weirdness & Mutations

You reflexively headbutt those who attack you in melee.
You have a pair of horns on your head.
[You are very dopey. (Int -4)]
[Potions are poor at restoring your health.]
[Your spells are easier to cast, but less powerful.]
[You expend magic power (3 MP) to strengthen your wands.]


Message History

Your two-headed ogre barely misses the wretched star.
The wretched star glows turbulently.
The orb of energy hits you!
* * * LOW HITPOINT WARNING * * *
The orb of energy explodes!
The mystic blast hits your two-headed ogre.
You closely miss the wretched star.
The wretched star is moderately damaged.
Your two-headed ogre hits the wretched star with a giant club!!
Your two-headed ogre closely misses the wretched star.
The wretched star pulses with an eldritch light!
Your connection to magic feels subdued.
Your connection to magic feels more subdued.
Your two-headed ogre twists and deforms.
Your system partially rejects the healing.
You feel much better.
Your two-headed ogre disappears in a puff of smoke!
The wretched star glows turbulently.
The orb of energy hits you!
You die...

#.#..#..#.≈
≈≈≈≈≈# #.
#≈..#≈≈
≈≈≈≈.## #..
≈≈♣≈ ≈≈≈≈ ≈♣
#≈≈ ≈≈≈≈
≈≈≈.# ##
≈♣≈≈≈≈≈3*
♣≈### ≈
≈≈♣.≈≈
♣≈≈.##. ♣
≈..≈≈#.###.##
≈≈≈≈
≈#.#§...## ≈≈
. ##*@..#.#
≈. ≈# ###.##
# ≈. ..##
###.## . . #
#..# . ### .


You could see a wretched star.

Vanquished Creatures
  The ghost of Minstaer the Grappler, a novice TrMo of Qazlal (D:8)
  Erica (D:8)
  3 two-headed ogres
  A troll (D:9)
  Prince Ribbit (D:9)
  2 hornets (D:8)
  A raiju (Abyss:2)
  Sigmund (D:6)
  3 yaks (D:6)
  A warg (D:10)
  A soldier ant (D:8)
  4 orc warriors
  3 ice beasts
  2 sky beasts
  3 black bears
  4 ogres
  A necrophage (D:5)
  An eye of draining (D:10)
  3 phantoms
  2 centaurs
  4 bullfrogs
  5 big kobolds
  3 scorpions
  17 killer bees
  3 wights (D:8)
  3 howler monkeys
  5 crimson imps
  A quasit (D:8)
  3 jellies
  6 orc priests
  2 centaur skeletons
  7 hounds
  2 iguanas
  10 orc wizards
  11 worker ants
  A hound zombie (D:5)
  A hound skeleton (D:10)
  A worker ant zombie (D:8)
  3 gnolls (D:10)
  A river rat (Sewer)
  9 adders
  3 shadow imps
  2 adder zombies
  7 oozes
  2 adder skeletons
  6 worms
  A dart slug (D:1)
  6 leopard geckos
  42 orcs
  7 bats
  9 giant cockroaches
  9 goblins
  10 hobgoblins
  18 jackals
  14 kobolds
  4 quokkas
  8 ball pythons
  4 frilled lizards
  5 rats
294 creatures vanquished.

Vanquished Creatures (collateral kills)
  A sixfirhy (Abyss:2)
  A large abomination (Abyss:2)
  2 raiju (Abyss:2)
4 creatures vanquished.

Grand Total: 298 creatures vanquished

Notes
Turn   | Place    | Note
-------+----------+-------------------------------------------
     0 | D:1      | Piramida the Minotaur Berserker began the quest for the Orb.
     0 | D:1      | Reached XP level 1. HP: 19/19 MP: 0/0
   274 | D:1      | Reached skill level 4 in Maces & Flails
   332 | D:1      | Reached XP level 2. HP: 22/26 MP: 1/1
   934 | D:1      | Reached skill level 5 in Maces & Flails
   937 | D:1      | Reached XP level 3. HP: 20/31 MP: 2/2
  1136 | D:2      | Found a snail-covered altar of Cheibriados.
  1314 | D:2      | Reached ** piety under Trog
  1328 | D:2      | Found a glowing silver altar of Zin.
  1329 | D:2      | Found a white marble altar of Elyvilon.
  1329 | D:2      | Found a burning altar of Makhleb.
  1794 | D:3      | Reached XP level 4. HP: 31/39 MP: 3/3
  1796 | D:3      | Reached skill level 6 in Maces & Flails
  1861 | D:3      | Reached skill level 1 in Shields
  1861 | D:3      | Reached XP level 5. HP: 22/45 MP: 4/4
  2460 | D:4      | Reached skill level 7 in Maces & Flails
  2536 | D:4      | Reached XP level 6. HP: 51/51 MP: 5/5
  2584 | D:4      | Reached skill level 8 in Maces & Flails
  2942 | D:4      | Reached *** piety under Trog
  3019 | D:4      | Reached skill level 9 in Maces & Flails
  3067 | D:4      | Found a glowing drain.
  3083 | Sewer    | Entered a sewer
  3270 | Sewer    | Reached XP level 7. HP: 57/57 MP: 6/6
  3500 | Sewer    | Reached skill level 10 in Maces & Flails
  3776 | D:4      | Reached **** piety under Trog
  4189 | D:5      | Entered Level 5 of the Dungeon
  4250 | D:5      | Reached skill level 11 in Maces & Flails
  4295 | D:5      | Reached XP level 8. HP: 34/64 MP: 7/7
  4611 | D:5      | Reached skill level 12 in Maces & Flails
  5393 | D:6      | Reached skill level 13 in Maces & Flails
  5437 | D:6      | Noticed Sigmund
  5454 | D:6      | Killed Sigmund
  5657 | D:6      | Reached XP level 9. HP: 51/69 MP: 8/8
  5666 | D:6      | Reached skill level 14 in Maces & Flails
  5871 | D:6      | Found Guco's General Store.
  5874 | D:6      | Bought a potion of heal wounds for 70 gold pieces
  5903 | D:6      | Found Sethrezetz's Book Emporium.
  6144 | D:7      | Found a shadowy altar of Dithmenos.
  6204 | D:7      | Found a radiant altar of Vehumet.
  6376 | D:7      | Found a staircase to the Ecumenical Temple.
  6627 | D:8      | Reached skill level 15 in Maces & Flails
  6788 | D:8      | Noticed Minstaer's ghost (novice TrMo)
  6810 | D:8      | Killed Minstaer's ghost
  6810 | D:8      | Reached skill level 1 in Evocations
  6963 | D:8      | Received a gift from Trog
  7063 | D:8      | Reached XP level 10. HP: 79/79 MP: 10/10
  7157 | D:8      | Noticed Erica
  7174 | D:8      | Killed Erica
  7174 | D:8      | Reached ***** piety under Trog
  7174 | D:8      | Reached skill level 5 in Fighting
  7174 | D:8      | Reached skill level 1 in Throwing
  7335 | D:8      | Noticed a two-headed ogre
  7342 | D:8      | Killed a two-headed ogre
  7355 | D:8      | Reached skill level 5 in Armour
  8136 | D:9      | Noticed Prince Ribbit
  8393 | D:9      | Received a gift from Trog
  8485 | D:9      | Killed Prince Ribbit
  8556 | D:9      | Noticed a two-headed ogre
  8590 | D:9      | Killed a two-headed ogre
  8590 | D:9      | Reached skill level 5 in Dodging
  8590 | D:9      | Reached skill level 5 in Shields
  9055 | D:9      | Found a staircase to the Lair.
  9175 | D:9      | Reached XP level 11. HP: 52/90 MP: 12/12
  9296 | D:9      | Noticed a two-headed ogre
  9341 | D:9      | Killed a two-headed ogre
  9672 | D:9      | Noticed Blork the orc
  9722 | D:10     | Entered Level 10 of the Dungeon
  9858 | D:10     | Found a staircase to the Orcish Mines.
 10283 | D:10     | Found a sacrificial altar of Ru.
 10733 | D:10     | Noticed Sonja
 10911 | D:10     | Cast into level 2 of the Abyss (Sonja)
 10996 | Abyss:2  | Noticed a sixfirhy
 11004 | Abyss:2  | Noticed a wretched star
 11011 | Abyss:2  | Lost intelligence.
 11025 | Abyss:2  | Killed a sixfirhy
 11029 | Abyss:2  | Killed from afar by a wretched star

Skill      XL: |  1  2  3  4  5  6  7  8  9 10 11 |
---------------+----------------------------------+-----
Maces & Flails | 4 5 6 7 9 11 13 15 | 15.0
Shields        | 1 3 5 6 |  6.3
Fighting       | 4 6 7 |  7.2
Armour         | 4 6 7 |  7.0
Dodging        | 3 5 6 |  6.0
Evocations     | 2 3 4 |  4.7
Throwing       | 3 4 |  4.7

Action                   |  1- 3 |  4- 6 |  7- 9 | 10-12 || total
-------------------------+-------+-------+-------+-------++-------
Melee: Mace              |   106 |   124 |   423 |   114 ||   767
       Headbutt          |    19 |    28 |    73 |    60 ||   180
       Flail             |       |       |       |   199 ||   199
Throw: Javelin           |     3 |    34 |    22 |       ||    59
       Tomahawk          |       |       |    16 |     9 ||    25
Invok: Berserk           |       |       |     3 |    10 ||    13
       Burn Spellbooks   |       |       |       |     2 ||     2
       Brothers in Arms  |       |       |       |     3 ||     3
       Trog's Hand       |       |       |       |     1 ||     1
  Use: Scroll            |     1 |       |     7 |     3 ||    11
       Potion            |       |       |       |     6 ||     6
 Stab: Sleeping          |     3 |     4 |     6 |    10 ||    23
       Distracted        |       |       |       |     2 ||     2
  Eat: Chunk             |     3 |     5 |    15 |    17 ||    40
       Royal jelly       |       |       |       |     2 ||     2
       Meat ration       |       |       |       |     1 ||     1
Armor: Ring mail         |    18 |       |       |       ||    18
       Animal skin       |     1 |       |       |       ||     1
       Shadow dragon sca |    42 |    91 |   225 |   125 ||   483
Dodge: Dodged            |    40 |    26 |    94 |    65 ||   225
Block: Shield            |    45 |    36 |   156 |   123 ||   360
